 Dungeon Crawl Stone Soup version 0.23-a0-484-g29ba69c (webtiles) character file.

81 MrSlowpoke the Chopper (level 4, -1/41 HPs)
             Began as a Hill Orc Berserker on Nov 30, 2018.
             Was a Believer of Trog.
             Slain by a worm (3 damage)
             ... on level 2 of the Dungeon.
             The game lasted 00:09:18 (872 turns).

MrSlowpoke the Chopper (Hill Orc Berserker)          Turns: 872, Time: 00:09:19

Health: -1/41      AC:  3    Str: 20    XL:     4   Next: 40%
Magic:  4/4        EV: 12    Int:  7    God:    Trog [**....]
Gold:   44         SH:  0    Dex: 10    Spells: 3/3 levels left

rFire    . . .     SeeInvis .   a - +0 hand axe
rCold    . . .     Gourm    .   (no shield)
rNeg     . . .     Faith    +   m - +0 leather armour
rPois    .         Spirit   .   (no helmet)
rElec    .         Reflect  .   (no cloak)
rCorr    .         Harm     .   (no gloves)
MR       .....                  (no boots)
Stlth    +.........             i - amulet of faith
HPRegen  0.13/turn              (no ring)
MPRegen  0.09/turn              (no ring)

@: no status effects
A: no striking features
a: Berserk, Trog's Hand, Renounce Religion


You were on level 2 of the Dungeon.
You worshipped Trog.
Trog was pleased with you.
You were not hungry.

You visited 1 branch of the dungeon, and saw 2 of its levels.

You collected 44 gold pieces.

Inventory:

Hand Weapons
 a - a +0 hand axe (weapon)
Armour
 b - a +0 animal skin
 m - a +0 leather armour (worn)
Jewellery
 i - an amulet of faith (around neck)
Scrolls
 e - a scroll of teleportation
 f - a scroll of identify {unknown}
 g - a scroll of enchant armour {unknown}
 h - a scroll of magic mapping {unknown}
 n - a scroll of noise {unknown}
Potions
 d - a potion of heal wounds {unknown}
 j - a potion of lignification {unknown}
 k - a potion of degeneration {unknown}
 l - a potion of flight {unknown}
Comestibles
 c - 3 rations


   Skills:
 + Level 4.7 Fighting
 + Level 5.2 Axes
 + Level 2.4 Armour
 + Level 2.1 Dodging


You had 3 spell levels left.
You didn't know any spells.
Your spell library was empty.

Dungeon Overview and Level Annotations

Branches:
Dungeon (2/15)

Altars:


Message History

You slash the goblin!
You kill the goblin!
Trog accepts your kill. The worm barely misses you.
Things that are here:
a +0 spear; 17 gold pieces; a rat corpse You barely miss the worm.
You hit the worm.
The worm is moderately wounded.
The worm barely misses you.
You completely miss the worm.
The worm is moderately wounded.
You slash the worm!
The worm is severely wounded.
The worm bites you!
* * * LOW HITPOINT WARNING * * *
You hit the worm.
The worm is severely wounded.
The worm bites you.
You die...

......)w....#....# ...
....##..#...#..#.# .. b
.....#.#....#.#.#
....##(..#..#†#...#
.............#....(#..
#####.#..#.............
#...###)##########.
##.####w#######
......†@......#
##.#####)#####...# #.#
........ #.# ####.##..>
#.# ... .. #.# .... #.#
##.. #.# .. #..


You could see a worm.

Vanquished Creatures
  Jessica (D:2)
  A gnoll (D:1)
  An adder (D:2)
  A worm (D:2)
  A dart slug (D:1)
  4 bats
  A giant cockroach (D:1)
  3 goblins
  5 hobgoblins
  3 jackals (D:1)
  A kobold (D:2)
  A quokka (D:2)
  A ball python (D:1)
  4 frilled lizards
  6 rats
34 creatures vanquished.

Notes
Turn   | Place    | Note
-------+----------+-------------------------------------------
     0 | D:1      | MrSlowpoke the Hill Orc Berserker began the quest for the
                  | Orb.
     0 | D:1      | Reached XP level 1. HP: 19/19 MP: 1/1
   231 | D:1      | Reached XP level 2. HP: 16/27 MP: 2/2
   503 | D:1      | Reached XP level 3. HP: 27/33 MP: 3/3
   678 | D:2      | Noticed Jessica
   705 | D:2      | Killed Jessica
   705 | D:2      | Reached skill level 5 in Axes
   714 | D:2      | Reached ** piety under Trog
   739 | D:2      | Reached XP level 4. HP: 41/41 MP: 4/4
   871 | D:2      | HP: 2/41 [worm (8)]
   872 | D:2      | Slain by a worm

Vault maps used:
D:1:      minmay_arrival_widening_spiral_wide
D:2:      minmay_thinvault, chequers_ecumenical_altar_island,
          uniq_crazy_yiuf_cottage, uniq_jessica

Skill      XL: |  1  2  3 |
---------------+----------+-----
Fighting       | 4 |  4.7
Axes           | 5 |  5.2
Dodging        | 2 |  2.1
Armour         | |  2.4

Action                   |  1- 3 |  4- 6 || total
-------------------------+-------+-------++-------
Melee: Hand axe          |    64 |    39 ||   103
Invok: Trog's Hand       |     1 |       ||     1
       Berserk           |       |     1 ||     1
  Use: Scroll            |     1 |       ||     1
  Eat: Ration            |     1 |       ||     1
Armor: Animal skin       |     9 |       ||     9
       Leather armour    |     2 |    11 ||    13
Dodge: Dodged            |    59 |    32 ||    91

Table legend:
 A = Non-vault XP
 B = Vault XP
 C = Vault XP percentage of total XP
 D = Non-vault monster count
 E = Vault monster count
 F = Vault count percentage of total count
                 A         B        C        D         E       F
            +---------+---------+-------+---------+---------+-------
      Total |      46 |      70 |  60.3 |      21 |      13 |  38.2
            +---------+---------+-------+---------+---------+-------
        D:1 |      41 |       0 |   0.0 |      18 |       0 |   0.0
        D:2 |       5 |      70 |  93.3 |       3 |      13 |  81.2
            +---------+---------+-------+---------+---------+-------
